 Dungeon Crawl Stone Soup version 0.19.0-11-g3fc08b3 (webtiles) character file.

14384 MDvedh the Basher (level 12, 0/67 HPs)
             Began as a Vine Stalker Summoner on Nov 8, 2016.
             Was a High Priest of Okawaru.
             Slain by a yak (6 damage)
             ... on level 1 of the Lair of Beasts.
             The game lasted 00:27:30 (11429 turns).

MDvedh the Basher (Vine Stalker Summoner)          Turns: 11429, Time: 00:27:31

Health: 0/67       AC: 18    Str: 15    XL:     12   Next: 15%
Magic:  0/16       EV:  6    Int: 18    God:    Okawaru [*****.]
Gold:   544        SH:  0    Dex: 18    Spells: 1 memorised, 14 levels left

rFire  + . .     SeeInvis .     u - +4 dire flail (elec)
rCold  . . .     Gourm    .     I - +0 plate armour
rNeg   . . .     Faith    .     (shield currently unavailable)
rPois  +         Spirit   +     B - +0 helmet {Int+3}
rElec  +         Reflect  .     b - +0 cloak
rCorr  .         Harm     .     (no gloves)
MR     +....                    L - +2 pair of boots {Fly}
Stlth  ..........               (no amulet)
                                y - +4 ring of slaying
                                D - ring of poison resistance

@: about to teleport
A: fangs 3, agile 1, blurry vision 2, fire resistance 1, regeneration 2, robust
1, electricity resistance, magic shield, antimagic bite, no device heal 3, rot
immunity
a: Heroism, Finesse, Renounce Religion, Evoke Flight


You were on level 1 of the Lair of Beasts.
You worshipped Okawaru.
Okawaru was extremely pleased with you.
You were full.

You visited 3 branches of the dungeon, and saw 14 of its levels.
You also visited: Sewer and Ice Cave.

You collected 754 gold pieces.
You spent 210 gold pieces at shops.

Inventory:

Hand Weapons
 u - a +4 dire flail of electrocution (weapon)
Armour
 b - a +0 cloak (worn)
 B - a +0 helmet of intelligence (worn)
 I - a +0 plate armour (worn)
 L - a +2 pair of boots of flying (worn)
Jewellery
 e - an uncursed ring of stealth
 i - an uncursed ring of resist corrosion
 q - an uncursed ring of protection from cold
 y - a +4 ring of slaying (right hand)
 A - an uncursed amulet of the gourmand
 D - a ring of poison resistance (left hand)
Wands
 l - a wand of slowing (31/48)
 n - a wand of lightning (9/15)
 r - a wand of iceblast (4/15)
 x - a wand of iceblast (5/15)
 C - a wand of slowing (27/48)
 F - a wand of teleportation (5/9)
Scrolls
 a - 2 scrolls of teleportation
 g - 3 scrolls of enchant weapon
 k - a scroll of blinking
 s - a scroll of remove curse
 w - 3 scrolls of fear
 z - a scroll of enchant armour
 H - 4 scrolls of identify
 J - a scroll of summoning
Potions
 d - 2 potions of magic
 f - 2 potions of invisibility
 j - 3 potions of curing
 o - 2 potions of agility
 p - 2 potions of might
 E - 3 potions of haste
 G - 2 potions of resistance
Books
 M - a book of Minor Magic

   Spells                             Type                      Level
   a - Magic Dart                     Conjuration                  1
   b - Blink                          Translocation                2
   c - Call Imp                       Summoning                    2
   d - Repel Missiles                 Charms/Air                   2
   e - Slow                           Hexes                        2
   f - Conjure Flame                  Conjuration/Fire             3
   g - Mephitic Cloud                 Conjuration/Poison/Air       3
Comestibles
 c - 9 bread rations
 h - 9 fruits
 m - 5 beef jerkies
 t - 2 slices of pizza
 v - 4 meat rations
 K - 6 chunks of flesh


   Skills:
 + Level 6.0 Fighting
 - Level 14.2 Maces & Flails
 + Level 5.4 Armour
 - Level 2.7 Dodging
 - Level 2.4 Stealth
 - Level 2.1 Spellcasting
 - Level 4.0 Summonings
 + Level 4.0 Invocations


You had 14 spell levels left.
You knew the following spells:

 Your Spells              Type           Power        Failure   Level  Hunger
a - Summon Small Mammal   Summ           ###.         99%         1    #......


Dungeon Overview and Level Annotations

Branches:
Dungeon (12/15)            Temple (1/1) D:4            Lair (1/6) D:8
    Orc (0/2) D:10

Altars:
Cheibriados
Dithmenos
Fedhas
Gozag
Hepliaklqana
Kikubaaqudgha
Makhleb
Okawaru
Qazlal
Trog
Uskayaw
Xom
Yredelemnul
Zin
The Shining One

Shops:
D:6 [   D:7 (   D:9 !

Annotations:
D:5 Prince Ribbit
D:12 Harold, Kirke


Innate Abilities, Weirdness & Mutations

You have razor-sharp teeth.
You heal very quickly.
When hurt, damage is shared between your health and your magic reserves.
Your bite disrupts and absorbs the magic of your enemies.
Potions and wands cannot restore your health.
You are immune to rotting.
You are agile. (Dex +2)
Scrolls take you longer to read.
Your flesh is heat resistant. (rF+)
You are robust. (+10% HP)
You are resistant to electric shocks. (rElec)


Message History

The yak gores you. The spiny frog stings you!
You hit the yak.
You kill the yak!
Okawaru accepts your kill.
Your Fighting skill increases to level 6!
Your Invocations skill increases to level 4!
You feel sick. The spiny frog stings you!
* * * LOW HITPOINT WARNING * * *
The yak gores you!
* * * LOW HITPOINT WARNING * * *
You see here a meat ration.
The spiny frog stings you!
* * * LOW HITPOINT WARNING * * *
Evoke which item? (* to show all) (? for menu, Esc to quit)
Zapping:
F - a wand of teleportation (6/9)
Press: ? - help, Shift-Dir - straight line, f - you You feel strangely unstable.
This wand has 5 charges left.
You feel sick.
You are no longer poisoned.
The spiny frog stings you. The yak gores you!
You die...

#..# ###..## ##..#######..####
#..####....#####...##.##.P..##..#
#................................
#......>.........................
#..########..###########..###.###
#..# #..# #### #..# ####
#..###.####††###P.######...###.#P
.................................
#...............@Y...............
#...........##..#F......#P#.P....
.........####.r)....## .##...
...............†%†...... .....
.!.............P..............
.#######.........%P.....#.####
####....!.......### #
#.....%.P.....# # #......)......#
## #


You could see a yak, a spiny frog and a porcupine.

Vanquished Creatures
  The ghost of Chiseanne the Fighter, a journeyman CeVM of Hepliaklqana (D:9)
  4 hydras
  The ghost of l0ser140 the Arsonist, a novice DEFE (D:8)
  Pikel (D:4)
  2 ugly things
  A gargoyle (D:10)
  2 komodo dragons (Lair:1)
  2 trolls
  2 hippogriffs
  4 blink frogs (Lair:1)
  3 yaks (Lair:1)
  A spriggan (D:7)
  A wraith (D:12)
  4 hogs (D:12)
  Edmund (D:4)
  A water moccasin (Lair:1)
  2 hell hounds (D:8)
  A hornet zombie (D:5)
  3 orc warriors
  2 sky beasts
  A swamp drake (D:10)
  9 ice beasts
  An eye of draining (D:10)
  3 phantoms
  4 ogres
  4 centaurs
  6 big kobolds
  4 bullfrogs
  2 wyvern zombies (D:10)
  A wyvern skeleton (D:6)
  A scorpion (D:10)
  6 killer bees (D:9)
  A wight (D:11)
  An electric eel (D:9)
  4 howler monkeys
  3 crimson imps
  A quasit (D:10)
  A centaur zombie (D:12)
  A bullfrog zombie (D:9)
  2 orc priests
  4 hounds
  9 orc wizards
  An iguana (D:4)
  11 worker ants
  Natasha (D:2)
  A hound skeleton (D:10)
  Robin (D:3)
  A gnoll (D:5)
  11 adders
  2 river rats
  2 shadow imps
  5 oozes (Sewer)
  An adder skeleton (D:9)
  An adder zombie (D:4)
  5 worms
  4 dart slugs
  3 leopard geckos
  61 orcs
  7 ball pythons
  4 bats
  5 giant cockroaches
  10 goblins
  10 hobgoblins
  17 jackals
  5 quokkas
  5 frilled lizards
  15 kobolds
  2 quokka skeletons
  2 quokka zombies
  11 rats
312 creatures vanquished.

Vanquished Creatures (collateral kills)
  A jackal (D:1)
1 creature vanquished.

Vanquished Creatures (others)
  An adder (D:4)
  An orc (D:12)
2 creatures vanquished.

Grand Total: 315 creatures vanquished

Notes
Turn   | Place    | Note
-------+----------+-------------------------------------------
     0 | D:1      | MDvedh the Vine Stalker Summoner began the quest for the Orb.
     0 | D:1      | Reached XP level 1. HP: 9/9 MP: 4/4
   613 | D:1      | Reached XP level 2. HP: 14/14 MP: 6/6
   656 | D:1      | Reached skill level 1 in Maces & Flails
   889 | D:1      | Reached skill level 1 in Fighting
  1376 | D:1      | Reached XP level 3. HP: 18/18 MP: 7/7
  1928 | D:2      | Noticed Natasha
  1937 | D:2      | Killed Natasha
  1937 | D:2      | Reached skill level 2 in Maces & Flails
  1937 | D:2      | Reached skill level 1 in Armour
  1937 | D:2      | Gained mutation: Your natural rate of healing is unusually fast. [Vine Stalker growth]
  1937 | D:2      | Reached XP level 4. HP: 23/23 MP: 8/8
  2360 | D:3      | Found a shimmering altar of Xom.
  2425 | D:3      | Found a glowing drain.
  2429 | D:3      | Reached XP level 5. HP: 24/26 MP: 9/9
  2444 | Sewer    | Entered a sewer
  2463 | Sewer    | Noticed a big kobold
  2656 | Sewer    | Noticed a big kobold
  2729 | Sewer    | Killed a big kobold
  2753 | Sewer    | Noticed a big kobold
  2829 | Sewer    | Killed a big kobold
  2829 | Sewer    | Reached XP level 6. HP: 32/32 MP: 10/10
  3263 | Sewer    | Reached XP level 7. HP: 37/37 MP: 11/11
  3601 | D:3      | Noticed Robin
  3622 | D:3      | Killed Robin
  3922 | D:4      | Noticed Pikel
  3996 | D:4      | Reached skill level 3 in Maces & Flails
  4178 | D:4      | Reached skill level 4 in Maces & Flails
  4178 | D:4      | Gained mutation: You have razor-sharp teeth. [Vine Stalker growth]
  4178 | D:4      | Reached XP level 8. HP: 26/42 MP: 10/12
  4230 | D:4      | Got a translucent short sword
  4231 | D:4      | Identified the +4 short sword of Massacring {pierce, rC+++ rN+++ Str-2 Stlth-} (You found it on level 4 of the Dungeon)
  4756 | D:4      | Killed Pikel
  4756 | D:4      | Reached skill level 6 in Maces & Flails
  4812 | D:4      | Found a staircase to the Ecumenical Temple.
  4839 | D:4      | Reached skill level 7 in Maces & Flails
  4878 | Temple   | Entered the Ecumenical Temple
  4886 | Temple   | Became a worshipper of Warmaster Okawaru
  5067 | D:5      | Entered Level 5 of the Dungeon
  5067 | D:5      | Noticed Edmund
  5094 | D:4      | Killed Edmund
  5094 | D:4      | Reached XP level 9. HP: 23/46 MP: 8/13
  5170 | D:5      | Found a stormy altar of Qazlal.
  5265 | D:5      | Found a snail-covered altar of Cheibriados.
  5402 | D:5      | Noticed Prince Ribbit
  5617 | D:5      | Reached skill level 8 in Maces & Flails
  5872 | D:6      | Reached * piety under Okawaru
  5994 | D:6      | Reached skill level 9 in Maces & Flails
  6066 | D:6      | Found Vepopsem's Antique Armour Shop.
  6181 | D:6      | Found a glowing golden altar of the Shining One.
  6379 | D:7      | Found Zuegis's Weapon Shop.
  6758 | D:7      | Reached ** piety under Okawaru
  6758 | D:7      | Reached skill level 10 in Maces & Flails
  7236 | D:8      | Found a shimmering altar of Xom.
  7312 | D:8      | Found a staircase to the Lair.
  7321 | D:8      | Reached XP level 10. HP: 27/51 MP: 8/14
  7385 | D:8      | Found a shadowy altar of Dithmenos.
  7567 | D:8      | Noticed l0ser140's ghost (novice DEFE)
  7581 | D:8      | Killed l0ser140's ghost
  7581 | D:8      | Reached *** piety under Okawaru
  7581 | D:8      | Reached skill level 11 in Maces & Flails
  7597 | D:8      | Found an ancient bone altar of Kikubaaqudgha.
  7668 | D:8      | You fall through a shaft for 3 floors!
  7918 | D:11     | Noticed a brown ugly thing
  7932 | D:11     | Killed a brown ugly thing
  7937 | D:11     | Gained mutation: Your spells are a little easier to cast, but a little less powerful. [mutagenic meat]
  7938 | D:11     | Gained mutation: You possess an exceptional clarity of mind. [mutagenic meat]
  8442 | D:10     | Entered Level 10 of the Dungeon
  8489 | D:10     | Reached skill level 12 in Maces & Flails
  8522 | D:10     | Found a staircase to the Orcish Mines.
  8642 | D:10     | You fall through a shaft for 2 floors!
  8784 | D:12     | Noticed a five-headed hydra
  8791 | D:12     | Killed a five-headed hydra
  8791 | D:12     | Reached **** piety under Okawaru
  8807 | D:12     | Noticed Harold
  8912 | D:12     | Found a frozen archway.
  8962 | IceCv    | Entered an ice cave
  8988 | IceCv    | Reached skill level 13 in Maces & Flails
  8988 | IceCv    | Reached XP level 11. HP: 43/54 MP: 15/15
  9017 | IceCv    | Noticed a white ugly thing
  9028 | IceCv    | Killed a white ugly thing
  9036 | IceCv    | Gained mutation: You are resistant to electric shocks. (rElec) [mutagenic meat]
  9037 | IceCv    | Lost mutation: Your spells are a little easier to cast, but a little less powerful. [mutagenic meat]
  9038 | IceCv    | Gained mutation: Scrolls take you a little longer to read. [mutagenic meat]
  9139 | D:12     | Gained mutation: You are robust. (+10% HP) [mutagenic meat]
  9140 | D:12     | Gained mutation: Scrolls take you longer to read. [mutagenic meat]
  9141 | D:12     | Gained mutation: You are agile. (Dex +2) [mutagenic meat]
  9142 | D:12     | Gained mutation: Your flesh is heat resistant. (rF+) [mutagenic meat]
  9143 | D:12     | Lost mutation: You possess an exceptional clarity of mind. [mutagenic meat]
  9152 | D:12     | Noticed Kirke
 10226 | D:9      | Noticed Chiseanne's ghost (journeyman CeVM)
 10251 | D:9      | Killed Chiseanne's ghost
 10251 | D:9      | Reached ***** piety under Okawaru
 10251 | D:9      | Reached skill level 14 in Maces & Flails
 10432 | D:9      | Found Zomuoraell's Distillery.
 10440 | D:9      | Bought a potion of invisibility for 112 gold pieces
 10440 | D:9      | Bought a potion of lignification for 42 gold pieces
 10440 | D:9      | Bought a potion of brilliance for 56 gold pieces
 10615 | D:9      | Reached skill level 1 in Invocations
 10966 | Lair:1   | Entered Level 1 of the Lair of Beasts
 11009 | Lair:1   | Noticed a five-headed hydra
 11018 | Lair:1   | Killed a five-headed hydra
 11047 | Lair:1   | Received a gift from Okawaru
 11120 | Lair:1   | Noticed a seven-headed hydra
 11126 | Lair:1   | Killed a seven-headed hydra
 11126 | Lair:1   | Reached skill level 5 in Fighting
 11258 | Lair:1   | Received a gift from Okawaru
 11258 | Lair:1   | Reached skill level 5 in Armour
 11267 | Lair:1   | Gained mutation: You heal very quickly. [Vine Stalker growth]
 11267 | Lair:1   | Reached XP level 12. HP: 66/66 MP: 16/16
 11391 | Lair:1   | Noticed a four-headed hydra
 11400 | Lair:1   | Killed a four-headed hydra
 11429 | Lair:1   | Slain by a yak

Skill      XL: |  1  2  3  4  5  6  7  8  9 10 11 12 |
---------------+-------------------------------------+-----
Maces & Flails | 1 2 4 7 10 13 14 | 14.2
Fighting       | 1 2 3 4 5 6 |  6.0
Armour         | 1 2 3 4 5 |  5.4
Invocations    | 3 4 |  4.0
Dodging        | 2 |  2.7
Stealth        | |  2.4
Spellcasting   | |  2.1
Summonings     | |  4.0

Action                   |  1- 3 |  4- 6 |  7- 9 | 10-12 || total
-------------------------+-------+-------+-------+-------++-------
Melee: Club              |    31 |       |       |       ||    31
       Unarmed           |     8 |       |       |       ||     8
       Bite              |    39 |   145 |   113 |   114 ||   411
       Dagger            |   120 |   500 |   161 |       ||   781
       Flail             |       |       |   108 |       ||   108
       Whip              |       |       |    54 |       ||    54
       Dire flail        |       |       |   126 |   333 ||   459
 Cast: Summon Small Mamm |     2 |       |       |       ||     2
Invok: Heroism           |       |       |     1 |    15 ||    16
 Abil: Stop Flying       |       |       |       |     1 ||     1
Evoke: Wand              |       |       |       |     1 ||     1
  Use: Scroll            |     4 |     5 |    12 |    10 ||    31
       Potion            |       |       |     2 |     1 ||     3
 Stab: Sleeping          |     2 |     3 |     4 |       ||     9
       Distracted        |     1 |       |       |       ||     1
  Eat: Chunk             |     3 |     6 |    10 |    22 ||    41
       Bread ration      |       |       |     1 |     1 ||     2
       Fruit             |       |       |       |     1 ||     1
Armor: Robe              |     8 |       |       |       ||     8
       Ring mail         |    39 |   129 |   170 |     1 ||   339
       Chain mail        |       |       |       |    78 ||    78
       Plate armour      |       |       |       |    67 ||    67
Dodge: Dodged            |   103 |   217 |   245 |    90 ||   655
